 Dungeon Crawl Stone Soup version 0.29.1-14-g9c671dbff4 (webtiles) character file.

Game seed: 12603820574734871009

12 Thatpatchoflichen the Ducker (level 2, -1/22 HPs)
             Began as a Human Gladiator on Feb 14, 2023.
             Slain by a goblin
             ... wielding a +2 dagger of freezing
              (3 damage)
             ... on level 1 of the Dungeon.
             The game lasted 00:02:09 (370 turns).

Thatpatchoflichen the Ducker (Human Gladiator)       Turns: 370, Time: 00:02:09

Health: -1/22      AC:  4    Str: 14    XL:     2   Next: 45%
Magic:  2/2        EV: 12    Int:  8    God:
Gold:   63         SH:  0    Dex: 14    Spells: 1/1 levels left

rFire   . . .      SeeInvis .   g - +2 falchion (vorpal)
rCold   . . .      Faith    .   (no shield)
rNeg    . . .      Spirit   .   b - +0 leather armour
rPois   .          Reflect  .   c - +0 helmet
rElec   .          Harm     .   (no cloak)
rCorr   .          Rampage  .   (no gloves)
Will    .....                   (no boots)
Stlth   +.........              (no amulet)
HPRegen 0.07/turn               (no ring)
MPRegen 0.08/turn               (no ring)

@: no status effects
A: no striking features
a: no special abilities


You were on level 1 of the Dungeon.
You visited 1 branch of the dungeon, and saw 1 of its levels.

You collected 63 gold pieces.

Inventory:

Hand Weapons
 a - a +0 long sword
 g - a +2 vorpal falchion (weapon)
Missiles
 d - 3 throwing nets (quivered)
 e - a javelin
Armour
 b - a +0 leather armour (worn)
 c - a +0 helmet (worn)
Scrolls
 f - a scroll of fear {unknown}


   Skills:
 + Level 2.3 Fighting
 + Level 3.2 Long Blades
 - Level 2.0 Throwing
 + Level 3.2 Dodging


You had one spell level left.
You didn't know any spells.
Your spell library was empty.

Dungeon Overview and Level Annotations

Branches:
Dungeon (1/15)

Altars:


Message History

The bat is severely wounded.
The bat barely misses you. x2; The bat hits you but does no damage.
The goblin hits you but does no damage. The bat barely misses you.
The bat barely misses you. The bat hits you but does no damage.
The bat hits you.
* * * LOW HITPOINT WARNING * * *
The bat closely misses you. The bat closely misses you.
The bat barely misses you. The bat hits you but does no damage.
The bat attacks as you move away! The bat hits you but does no damage.
The bat completely misses you.
A kobold comes into view.
It is wielding a +2 short sword of venom.
Found an amethyst potion.
The kobold shouts!
The bat hits you but does no damage. The bat misses you.
The bat hits you but does no damage.
The bat closely misses you. x2; The bat misses you.
The bat hits you.
* * * LOW HITPOINT WARNING * * *
The bat hits you.
* * * LOW HITPOINT WARNING * * *
The kobold throws a stone.
The stone closely misses you.
The stone hits the bat but does no damage.
The bat misses you. The bat hits you but does no damage.
The bat attacks as you move away! The bat barely misses you. x2
The bat hits you.
* * * LOW HITPOINT WARNING * * *
The bat barely misses you.
The kobold throws a stone.
The stone hits you but does no damage. The bat misses you.
You slash the bat!
You kill the bat!
The bat barely misses you. The bat hits you but does no damage.
You closely miss the bat.
The bat is heavily wounded.
The bat completely misses you.
You hit the goblin.
The goblin is heavily wounded.
The goblin hits you with a +2 dagger of freezing.
You die...

.....#.###......#
####.#..........######
##....#####..........#
##.#...####..........#
##.#..g).............#
##.#.....#####.#######
##.#..##..# #.#
#.######.####.#####
#.######..g.gKg@..#
#.......#.###b###.#
#######.#..##.# #
#.#...#.. #.#....K.#
#.###....# #.# #.....
#.# #..>#! #.# .##.


You could see 2 hobgoblins, a goblin, a bat and a kobold.

Vanquished Creatures
  A ball python (D:1)
  A giant cockroach (D:1)
  2 goblins (D:1)
  A hobgoblin (D:1)
  A quokka (D:1)
  A bat (D:1)
  2 kobolds (D:1)
  2 rats (D:1)
11 creatures vanquished.

Notes
Turn   | Place    | Note
-------+----------+-------------------------------------------
     0 | D:1      | Thatpatchoflichen the Human Gladiator began the quest for
                  | the Orb.
     0 | D:1      | Reached XP level 1. HP: 16/16 MP: 1/1
   192 | D:1      | Reached XP level 2. HP: 21/22 MP: 2/2
   370 | D:1      | Slain by a goblin

Illustrated notes

Levels and vault maps discovered:
D:1:      eino_arrival_cavern_a, layout_basic, chequers_serial_rivers_micro_d

Action                   || total
-------------------------++-------
Melee: Long sword        ||    19
       Falchion          ||    10
Armor: Leather armour    ||    42
Dodge: Dodged            ||    68
